 Dungeon Crawl Stone Soup version 0.27-a0-1188-g73eefd5def (webtiles) character file.

Game seed: 13658788537069291237

96 Lemonice the Skirmisher (level 4, -11/35 HPs)
             Began as a Demonspawn Abyssal Knight on May 21, 2021.
             Was a Believer of Lugonu.
             Mangled by an orc wizard
             ... wielding a +2 dagger of electrocution
              (17 damage)
             ... on level 3 of the Dungeon.
             The game lasted 00:04:05 (2766 turns).

Lemonice the Skirmisher (Demonspawn Abyssal Knight) Turns: 2766, Time: 00:04:06

Health: -11/35     AC:  6    Str: 13    XL:     4   Next: 41%
Magic:  6/6        EV: 11    Int: 13    God:    Lugonu [**....]
Gold:   165        SH:  0    Dex: 13    Spells: 3/3 levels left

rFire    . . .     SeeInvis .   a - +1 hand axe
rCold    . . .     Faith    .   (no shield)
rNeg     . . .     Spirit   .   b - +0 leather armour
rPois    .         Reflect  .   (no helmet)
rElec    .         Harm     .   (no cloak)
rCorr    .         Rampage  .   (no gloves)
Will     .....                  (no boots)
Stlth    +.........             (no amulet)
HPRegen  0.11/turn              (no ring)
MPRegen  0.10/turn              (no ring)

@: very slightly contaminated, invisible
A: icy blue scales 2
a: Renounce Religion, Depart the Abyss, Bend Space


You were on level 3 of the Dungeon.
You worshipped Lugonu.
Lugonu was pleased with you.
You visited 1 branch of the dungeon, and saw 3 of its levels.
You visited the Abyss 1 time.

You collected 165 gold pieces.

Inventory:

Hand Weapons
 a - a +1 hand axe (weapon)
Missiles
 g - 2 throwing nets
Armour
 b - a +0 leather armour (worn)
Scrolls
 c - 4 scrolls of identify {unknown}
 d - a scroll of summoning {unknown}
 e - a scroll of magic mapping {unknown}
 h - a scroll of enchant armour {unknown}
 j - a scroll of immolation {unknown}
 k - a scroll of blinking {unknown}


   Skills:
 + Level 3.5 Fighting
 + Level 2.4 Axes
 + Level 2.4 Armour
 + Level 1.8 Dodging
 + Level 3.5 Invocations


You had 3 spell levels left.
You didn't know any spells.
Your spell library was empty.

Dungeon Overview and Level Annotations

Branches:
Dungeon (3/15)

Altars:

Shops:
D:1 =   D:3 (


Innate Abilities, Weirdness & Mutations

You are mostly covered in icy blue scales. (AC +3)


Message History

The orc wizard is heavily wounded.
You hit something. You hit something but do no damage.
The orc wizard hits you but does no damage.
Something hits you but does no damage.
You hear some strange, mumbled words.
A puff of flame appears from out of thin air!
The puff of flame hits you!
You barely miss the orc wizard.
The orc wizard is heavily wounded.
You hit something but do no damage. You barely miss something.
The orc wizard hits you but does no damage.
Something hits you but does no damage.
You hear some strange, mumbled words.
A puff of flame appears from out of thin air!
The puff of flame hits you!
* * * LOW HITPOINT WARNING * * *
You hit the orc wizard.
The orc wizard is almost dead.
You hit something. You miss something.
The orc wizard hits you with a +0 dagger.
* * * LOW HITPOINT WARNING * * *
You hear some strange, mumbled words.
A puff of flame appears from out of thin air!
The puff of flame misses you. Something hits you.
* * * LOW HITPOINT WARNING * * *
Okay, then.
Unknown command.
Okay, then.
It was a potion of invisibility.
You fade into invisibility!
The orc wizard casts a spell at you.
You are confused.
Something hits you but does no damage. Something completely misses you.
You are very lightly contaminated with residual magic.
It was a potion of curing.
You feel better.
The orc wizard hits you but does no damage.
Something hits you.
* * * LOW HITPOINT WARNING * * *
You are electrocuted!
You die...

#. #. #.# ..
#####.##
#......#
#8...{.## #
#....o@.# .
8<∩.8.{#.## .#
##.....#..####.#
#8....#.......#
#.....#(....(.#
#.....#.......#
#####.#.......#
....#.......#
..........#.#


You could see an orc wizard.

Vanquished Creatures
  3 adders
  A worm (D:2)
  2 dart slugs
  An orc (D:3)
  6 ball pythons
  4 endoplasms
  A giant cockroach (D:1)
  5 goblins
  6 hobgoblins
  7 jackals
  2 quokkas
  9 bats
  A frilled lizard (D:2)
  6 kobolds
  2 rats (D:1)
56 creatures vanquished.

Vanquished Creatures (others)
  2 plants (D:3)
2 creatures vanquished.

Grand Total: 58 creatures vanquished

Notes
Turn   | Place    | Note
-------+----------+-------------------------------------------
     0 | Abyss:1  | Lemonice the Demonspawn Abyssal Knight began the quest for
                  | the Orb.
     0 | Abyss:1  | Reached XP level 1. HP: 18/18 MP: 2/2
    77 | Abyss:1  | Noticed a starcursed mass
    77 | Abyss:1  | Noticed a small abomination
    78 | Abyss:1  | Noticed an ice dragon skeleton
    78 | Abyss:1  | Noticed a moth of wrath
    78 | Abyss:1  | Noticed a starcursed mass
    79 | Abyss:1  | Found a corrupted altar of Lugonu.
    79 | Abyss:1  | Noticed a starcursed mass
    81 | Abyss:1  | Noticed a deep troll
    81 | Abyss:1  | a moth of wrath changed into a deep troll
    82 | Abyss:1  | Noticed a slime creature
    82 | Abyss:1  | a deep troll changed into a slime creature
   117 | Abyss:1  | Noticed a large abomination
   153 | Abyss:1  | Noticed an ancient zyme
   157 | D:1      | Escaped the Abyss
   257 | D:1      | Reached skill level 1 in Dodging
   260 | D:1      | Reached * piety under Lugonu
   447 | D:1      | Gained mutation: You are partially covered in icy blue
                  | scales. (AC +2) [demonic ancestry]
   447 | D:1      | Reached XP level 2. HP: 21/24 MP: 4/4
   532 | D:1      | Found Ahoef's Jewellery Emporium.
  1092 | D:1      | Gained mutation: You are mostly covered in icy blue scales.
                  | (AC +3) [demonic ancestry]
  1092 | D:1      | Reached XP level 3. HP: 22/29 MP: 5/5
  2090 | D:2      | Reached XP level 4. HP: 29/35 MP: 6/6
  2387 | D:2      | Reached ** piety under Lugonu
  2527 | D:2      | Found a faded altar of an unknown god.
  2754 | D:3      | Found Ameugaos's Weapon Shop.
  2764 | D:3      | HP: 1/35 [something (2)]
  2766 | D:3      | Mangled by an orc wizard

Illustrated notes

Levels and vault maps discovered:
D:1:      dpeg_arrival_rooms_with_view, layout_loops_ring, serial_shops, shop,
          minmay_tiny_reverse_x
D:2:      layout_loops_ring, shapermc_ecumenical_altar_hornbeckon
D:3:      layout_basic, lemuel_round_altar, serial_shops,
          nicolae_shop_statue_plus, serial_bayou_lagoon_a, minmay_distorted

Skill      XL: |  1  2 |
---------------+-------+-----
Dodging        | 1 |  1.8
Axes           | 2 |  2.4
Armour         | 2 |  2.4
Invocations    | 3 |  3.5
Fighting       | |  3.5

Action                   |  1- 3 |  4- 6 || total
-------------------------+-------+-------++-------
Melee: Hand axe          |   135 |    60 ||   195
Invok: Depart the Abyss  |     1 |       ||     1
  Use: Potion            |       |     2 ||     2
 Stab: Sleeping          |     1 |     1 ||     2
Armor: Leather armour    |    62 |    25 ||    87
Dodge: Dodged            |   101 |    56 ||   157

Table legend: (Time is in decaauts)
 A = Elapsed time spent in this place.
 B = Non-inter-level travel time spent in this place.
 C = Inter-level travel time spent in this place.
 D = Time resting spent in this place.
 E = Time spent auto-exploring this place.
 F = Levels seen in this place.
 G = Mean time per level.
                   A        B        C        D        E       F      G
               +--------+--------+--------+--------+--------+-----+--------+
         Total |   2810 |   2731 |     79 |      0 |   2222 |   4 |  702.5 |
       Dungeon |   2653 |   2574 |     79 |      0 |   2206 |   3 |  884.3 |
         Abyss |    157 |    157 |      0 |      0 |     16 |   1 |  157.0 |
               +--------+--------+--------+--------+--------+-----+--------+

Top non-repeatable levels by time:
     D:2: 1381 daAuts
     D:1: 1145 daAuts
 Abyss:1: 157 daAuts
     D:3: 126 daAuts
